 Dungeon Crawl Stone Soup version 0.28.0-43-g3370ac3207 (console) character file.

Game seed: 12260685444170362503

7 Zeor the Ducker (level 1, 10/10 HPs)
             Began as a Felid Berserker on Mar 16, 2022.
             Was a Follower of Trog.
             Quit the game on level 1 of the Dungeon.
             The game lasted 00:01:39 (736 turns).

Zeor the Ducker (Felid Berserker)                    Turns: 736, Time: 00:01:40

Health: 10/10      AC:  1    Str: 13    XL:     1   Next: 91%
Magic:  2/2        EV: 18    Int:  8    God:    Trog [*.....]
Gold:   33         SH:  0    Dex: 15    Spells: 0/0 levels left
                                        Lives:  0   Deaths: 0

rFire   . . .      SeeInvis +     - Unarmed
rCold   . . .      Faith    .   (shield unavailable)
rNeg    . . .      Spirit   .   (armour unavailable)
rPois   .          Reflect  .   (helmet unavailable)
rElec   .          Harm     .   (cloak unavailable)
rCorr   .          Rampage  .   (gloves unavailable)
Will    .....                   (boots unavailable)
Stlth   +.........              (no amulet)
HPRegen 0.03/turn               (no ring)
MPRegen 0.08/turn               (no ring)

@: quick
A: very small, claws 1, fangs 3, see invisible, speed 1, shaggy fur 1, stealthy
paws, no weapons or thrown items, no armour, multi-lived
a: Renounce Religion, Berserk


You were on level 1 of the Dungeon.
You worshipped Trog.
Trog was aware of your devotion.
You visited 1 branch of the dungeon, and saw 1 of its levels.

You collected 33 gold pieces.

Inventory:

Scrolls
 c - a scroll of identify {unknown}
Potions
 a - 3 potions of flight {unknown}


   Skills:
 + Level 3.3 Fighting
 + Level 4.0 Dodging
 + Level 3.2 Unarmed Combat


You couldn't memorise any spells.
You didn't know any spells.
Your spell library was empty.

Dungeon Overview and Level Annotations

Branches:
Dungeon (1/15)

Altars:


Innate Abilities, Weirdness & Mutations

You have sharp claws.
You have razor-sharp teeth.
You have supernaturally acute eyesight. (SInv)
You cover ground quickly. (Speed+)
You are covered in fur. (AC +1)
Your paws help you pounce on unaware monsters.
You are incapable of wielding weapons or throwing items.
You cannot wear armour.
You gain extra lives every three experience levels.


Message History

You scratch the kobold.
The kobold is severely wounded.
The kobold hits you with a +0 dagger.
You are too injured to fight recklessly!
You are too injured to fight recklessly!
You closely miss the kobold.
The kobold is severely wounded.
You claw the kobold!
You kill the kobold!
Trog accepts your kill.
You start resting.
HP restored.
Things that are here:
a +0 dagger; a kobold corpse Save game and exit?
Welcome back, Zeor the Felid Berserker.
Trog says: Kill them all!
Press ? for a list of commands and other information.
c - a scroll labelled WURUT VEWA
As you read the scroll labelled ODESHESACH, it crumbles to dust.
You feel strangely unstable.
It was a scroll of teleportation.
You start waiting.
Your surroundings suddenly seem different.
The great orb of eyes turns its gaze towards you.
The eye of devastation turns its gaze towards you.
There is a faded altar of an unknown god here.
The golden eye turns its gaze towards you.
The shining eye turns its gaze towards you.
A frilled lizard comes into view.
A frilled lizard is nearby!
The frilled lizard hisses angrily.
You miss the frilled lizard.
You claw the frilled lizard, but do no damage.
The frilled lizard barely misses you.
You scratch the frilled lizard.
You kill the frilled lizard!
Trog accepts your kill.
Enter note: y'know i'm just not feeling this one atm
Enter note: cat later Are you sure you want to abandon this character and quit the game? (Confirm with "yes".)

∙▒▒▒∙∙∙∙∙∙∙∙∙∙∙∙∙∙∙▒▒▒∙▒ ▒∙∙∙∙∙▒▒
∙∙∙∙∙∙▒▒▒▒∙▒▒∙∙∙∙∙∙∙∙▒∙▒▒▒∙▒▒∙∙▒▒
∙▒▒▒∙▒▒▒▒∙∙∙▒∙▒∙▒▒∙▒∙∙∙∙∙∙∙∙∙∙∙∙∙
∙∙∙∙∙∙∙∙∙∙∙∙∙∙∙∙∙∙∙▒▒▒∙▒▒▒∙▒▒∙∙∙>
▒▒▒▒∙▒▒▒▒∙∙∙▒▒▒∙▒▒∙▒▒▒∙▒▒▒∙▒▒∙∙▒▒
▒∙▒ ▒▒∙▒▒▒▒∙▒▒∙∙∙∙∙∙∙∙∙∙∙∙∙▒ ▒∙▒
▒∙∙∙∙∙∙∙∙∙∙∙∙∙∙∙∙∙∙∙∙∙▒ ▒∙▒
▒∙▒▒▒▒▒∙∙∙∙∙▒▒▒▒▒▒▒▒▒▒▒ ▒∙▒
▒∙▒▒∙∙∙h∙∙∙∙∙∙∙▒ ▒∙▒
▒∙▒▒∙▒▒∙∙∙∙∙▒▒∙▒ ▒∙▒
▒∙▒▒∙▒▒∙∙∙∙∙▒▒∙▒▒▒▒▒▒▒▒▒ ▒∙▒
▒∙▒▒▒▒∙▒▒▒▒∙▒▒∙∙∙∙∙∙) ▒∙▒ ▒∙▒
▒∙≈▒∙▒▒▒▒▒≈ ▒∙▒ ▒∙▒▒▒▒≈P≈∙▒▒▒▒≈♣
▒∙▒ ▒∙∙▒▒≈∙⌠∙≈≈≈≈≈♣⌠ ▒∙▒
▒▒∙▒▒∙≈∙∙∙∙∙∙∙∙♣ ▒∙▒
▒∙▒∙∙∙≈∙∙∙<∙∙∙≈


There were no monsters in sight!

Vanquished Creatures
  An endoplasm (D:1)
  A quokka (D:1)
  A ball python (D:1)
  A bat (D:1)
  A frilled lizard (D:1)
  2 kobolds (D:1)
  2 rats (D:1)
9 creatures vanquished.

Vanquished Creatures (others)
  4 toadstools (D:1)
4 creatures vanquished.

Grand Total: 13 creatures vanquished

Notes
Turn   | Place    | Note
-------+----------+-------------------------------------------
     0 | D:1      | Zeor the Felid Berserker began the quest for the Orb.
     0 | D:1      | Reached XP level 1. HP: 10/10 MP: 2/2
   445 | D:1      | Noticed an eye of devastation
   449 | D:1      | Found a faded altar of an unknown god.
   450 | D:1      | Noticed a shining eye
   450 | D:1      | Noticed a golden eye
   450 | D:1      | Noticed a great orb of eyes
   736 | D:1      | y'know i'm just not feeling this one atm
   736 | D:1      | cat later
   736 | D:1      | Quit the game

Illustrated notes

∙▒▒▒∙∙∙∙∙∙∙∙∙∙∙∙∙∙∙▒▒▒∙▒ ▒∙∙∙∙∙▒▒
∙∙∙∙∙∙▒▒▒▒∙▒▒∙∙∙∙∙∙∙∙▒∙▒▒▒∙▒▒∙∙▒▒
∙▒▒▒∙▒▒▒▒∙∙∙▒∙▒∙▒▒∙▒∙∙∙∙∙∙∙∙∙∙∙∙∙
∙∙∙∙∙∙∙∙∙∙∙∙∙∙∙∙∙∙∙▒▒▒∙▒▒▒∙▒▒∙∙∙>
▒▒▒▒∙▒▒▒▒∙∙∙▒▒▒∙▒▒∙▒▒▒∙▒▒▒∙▒▒∙∙▒▒
▒∙▒ ▒▒∙▒▒▒▒∙▒▒∙∙∙∙∙∙∙∙∙∙∙∙∙▒ ▒∙▒
▒∙∙∙∙∙∙∙∙∙∙∙∙∙∙∙∙∙∙∙∙∙▒ ▒∙▒
▒∙▒▒▒▒▒∙∙∙∙∙▒▒▒▒▒▒▒▒▒▒▒ ▒∙▒
▒∙▒▒∙∙∙h∙∙∙∙∙∙∙▒ ▒∙▒
▒∙▒▒∙▒▒∙∙∙∙∙▒▒∙▒ ▒∙▒
▒∙▒▒∙▒▒∙∙∙∙∙▒▒∙▒▒▒▒▒▒▒▒▒ ▒∙▒
▒∙▒▒▒▒∙▒▒▒▒∙▒▒∙∙∙∙∙∙) ▒∙▒ ▒∙▒
▒∙≈▒∙▒▒▒▒▒≈ ▒∙▒ ▒∙▒▒▒▒≈P≈∙▒▒▒▒≈♣
▒∙▒ ▒∙∙▒▒≈∙⌠∙≈≈≈≈≈♣⌠ ▒∙▒
▒▒∙▒▒∙≈∙∙∙∙∙∙∙∙♣ ▒∙▒
▒∙▒∙∙∙≈∙∙∙<∙∙∙≈


Turn 736 on D:1: y'know i'm just not feeling this one atm

Levels and vault maps discovered:
D:1:      ldierk_water_garden, layout_loops_ring,
          hellmonk_ecumenical_altar_watching_god

Action                   || total
-------------------------++-------
Melee: Unarmed           ||    19
       Punch             ||     1
       Bite              ||     1
  Use: Scroll            ||     1
 Stab: Sleeping          ||     1
Armor: Skin              ||     1
Dodge: Dodged            ||    11
